 Dungeon Crawl Stone Soup version 0.23.2-11-gf996548c65 (webtiles) character file.

Game seed: 3067118099236791566

1586 Nattfarinn the Covered (level 8, -3/54 HPs)
             Began as a Gargoyle Fighter on June 4, 2019.
             Was an Initiate of Okawaru.
             Slain by an ogre
             ... wielding a +0 giant club
              (23 damage)
             ... on level 7 of the Dungeon.
             The game lasted 00:09:40 (5861 turns).

Nattfarinn the Covered (Gargoyle Fighter)           Turns: 5861, Time: 00:09:41

Health: -3/54      AC: 15    Str: 19    XL:     8   Next: 92%
Magic:  8/8        EV:  7    Int: 10    God:    Okawaru [......]
Gold:   456        SH: 10    Dex: 11    Spells: 7/7 levels left

rFire    . . .     SeeInvis .   a - +0 flail
rCold    . . .     Gourm    .   c - +0 shield
rNeg     + . .     Faith    .   b - +0 scale mail
rPois    ∞         Spirit   .   (no helmet)
rElec    +         Reflect  .   q - +0 cloak
rCorr    .         Harm     .   (no gloves)
MR       .....                  (no boots)
Stlth    ..........             (no amulet)
HPRegen  0.18/turn              (no ring)
MPRegen  0.11/turn              (no ring)

@: no status effects
A: negative energy resistance 1, electricity resistance, unbreathing,
petrification resistance, rot immunity, AC +5
a: Renounce Religion


You were on level 7 of the Dungeon.
You worshipped Okawaru.
Okawaru was noncommittal.
You were not hungry.

You visited 2 branches of the dungeon, and saw 8 of its levels.

You collected 456 gold pieces.

Inventory:

Hand Weapons
 a - a +0 flail (weapon)
Armour
 b - a +0 scale mail (worn)
 c - a +0 shield (worn)
 q - a +0 cloak (worn)
Jewellery
 v - a +4 ring of dexterity {unknown}
 y - an uncursed amulet of magic regeneration {unknown}
Wands
 w - a wand of iceblast (6)
Scrolls
 j - 4 scrolls of teleportation {unknown}
 k - a scroll of noise {unknown}
 m - 3 scrolls of identify {unknown}
 n - 2 scrolls of fear {unknown}
 o - a scroll of random uselessness {unknown}
 r - 2 scrolls of remove curse {unknown}
 t - 3 scrolls of fog {unknown}
 x - 2 scrolls of immolation {unknown}
 z - a scroll of amnesia {unknown}
 B - a scroll of blinking {unknown}
 D - a scroll of enchant armour {unknown}
Potions
 d - a potion of might
 e - a potion of curing
 g - 2 potions of degeneration {unknown}
 h - a potion of mutation {unknown}
 i - 2 potions of magic {unknown}
 l - 2 potions of haste {unknown}
 p - a potion of lignification {unknown}
 s - a potion of resistance {unknown}
 u - a potion of cancellation {unknown}
 A - a potion of invisibility {unknown}
 C - a potion of heal wounds
Comestibles
 f - 8 rations


   Skills:
 * Level 7.7 Fighting
 + Level 4.7 Maces & Flails
 * Level 7.7 Armour
 + Level 5.8 Shields


You had 7 spell levels left.
You didn't know any spells.
Your spell library was empty.

Dungeon Overview and Level Annotations

Branches:
Dungeon (7/15)             Temple (1/1) D:6

Altars:
Ashenzari
Cheibriados
Dithmenos
Fedhas
Gozag
Hepliaklqana
Kikubaaqudgha
Makhleb
Nemelex Xobeh
Okawaru
Qazlal
Ru
Trog
Uskayaw
Wu Jian
Yredelemnul
Zin
The Shining One


Innate Abilities, Weirdness & Mutations

You are resistant to torment.
Your stone body is resilient. (AC +5)
You are immune to poison.
You resist negative energy. (rN+)
You are resistant to electric shocks. (rElec)
You can survive without breathing.
You are immune to petrification.
You are immune to rotting.


Message History

You now have 456 gold pieces (gained 15).
An ogre comes into view. It is wielding a +0 giant club.
The ogre shouts!
You see here 3 scrolls labeled RUGAEMPI MAISU.
An ogre is nearby!
A worker ant comes into view.
The ogre hits you with a +0 giant club!
The worker ant twitches its antennae in your direction.
You sock the ogre!
The ogre is severely wounded.
You block the ogre's attack.
You hit the ogre but do no damage.
The ogre is severely wounded.
You barely miss the ogre.
The ogre is severely wounded.
The ogre hits you with a +0 giant club!
You hit the ogre.
The ogre is almost dead.
The ogre hits you with a +0 giant club!!
You die...

..........#####....)
................#
#.....######..#######.
......................
...................!..
............?.........
......................
....................
.....a.@...........#
......O..$..........
...................<
....................
..#.........#...#.# .
#..............
##..#.........
.##8..8##...


You could see an ogre and a worker ant.

Vanquished Creatures
  Sigmund (D:5)
  Eustachio (D:4)
  Menkaure (D:5)
  A phantom (D:5)
  3 ogres
  A bullfrog (D:5)
  2 scorpions
  A howler monkey (D:5)
  A crimson imp (D:5)
  A centaur zombie (D:5)
  A hound (D:6)
  An orc priest (D:3)
  A jelly (D:6)
  2 iguanas (D:5)
  Terence (D:3)
  Jessica (D:3)
  3 orc wizards
  2 worker ants (D:4)
  4 gnolls
  8 adders
  A shadow imp (D:6)
  An ooze (D:2)
  2 adder skeletons
  3 worms
  A dart slug (D:1)
  4 leopard geckos
  13 orcs
  3 ball pythons
  7 bats
  13 giant cockroaches
  5 goblins
  8 hobgoblins
  4 jackals (D:1)
  3 quokkas
  5 frilled lizards
  3 goblin zombies (D:6)
  3 hobgoblin zombies (D:6)
  2 kobolds
  A kobold zombie (D:6)
  2 orc skeletons (D:6)
  An orc zombie (D:6)
  6 rats
128 creatures vanquished.

Vanquished Creatures (others)
  A plant (D:2)
1 creature vanquished.

Grand Total: 129 creatures vanquished

Notes
Turn   | Place    | Note
-------+----------+-------------------------------------------
     0 | D:1      | Nattfarinn the Gargoyle Fighter began the quest for the
                  | Orb.
     0 | D:1      | Reached XP level 1. HP: 14/14 MP: 1/1
   130 | D:1      | Reached XP level 2. HP: 19/19 MP: 2/2
   298 | D:1      | Reached XP level 3. HP: 16/24 MP: 3/3
   829 | D:2      | Reached XP level 4. HP: 13/29 MP: 4/4
  1114 | D:2      | Reached XP level 5. HP: 32/34 MP: 5/5
  1806 | D:3      | You fall through a shaft for 3 floors!
  1807 | D:6      | Found a glowing golden altar of the Shining One.
  1818 | D:5      | Entered Level 5 of the Dungeon
  1823 | D:5      | Noticed a phantom
  1840 | D:5      | Reached skill level 5 in Fighting
  1840 | D:5      | Reached skill level 5 in Armour
  1840 | D:5      | Reached XP level 6. HP: 26/40 MP: 6/6
  1935 | D:5      | Killed a phantom
  2117 | D:5      | Reached XP level 7. HP: 40/44 MP: 7/7
  2161 | D:5      | Noticed Menkaure
  2166 | D:5      | Killed Menkaure
  2223 | D:4      | Found a basalt altar of Yredelemnul.
  2622 | D:3      | Noticed Terence
  2623 | D:3      | You fall through a shaft for 3 floors!
  2824 | D:3      | Killed Terence
  3125 | D:3      | Noticed Jessica
  3138 | D:3      | Killed Jessica
  3482 | D:4      | Reached skill level 5 in Shields
  3682 | D:4      | Found a hide-covered altar of Uskayaw.
  3705 | D:4      | Reached XP level 8. HP: 49/52 MP: 8/8
  3758 | D:4      | Found a shadowy altar of Dithmenos.
  3941 | D:4      | Noticed Eustachio
  3982 | D:4      | Killed Eustachio
  4299 | D:5      | Noticed Sigmund
  4317 | D:5      | Killed Sigmund
  4417 | D:5      | Found a stormy altar of Qazlal.
  4544 | D:5      | Found a shattered altar of Ashenzari.
  4544 | D:5      | Found an ornate altar of the Wu Jian Council.
  4894 | D:5      | Found a bloodstained altar of Trog.
  4962 | D:6      | Found a blossoming altar of Fedhas.
  5427 | D:6      | Found a staircase to the Ecumenical Temple.
  5471 | Temple   | Entered the Ecumenical Temple
  5503 | Temple   | Became a worshipper of Warmaster Okawaru
  5861 | D:7      | Slain by an ogre

Skill      XL: |  1  2  3  4  5  6  7  8 |
---------------+-------------------------+-----
Fighting       | 4 5 6 7 |  7.7
Armour         | 4 5 6 7 |  7.7
Shields        | 4 5 |  5.8
Maces & Flails | 3 4 |  4.7

Action                   |  1- 3 |  4- 6 |  7- 9 || total
-------------------------+-------+-------+-------++-------
Melee: Flail             |   141 |   166 |   351 ||   658
  Use: Potion            |       |     3 |     2 ||     5
  Eat: Chunk             |       |     5 |    10 ||    15
       Ration            |       |       |     1 ||     1
Armor: Scale mail        |    84 |   102 |   163 ||   349
Dodge: Dodged            |    43 |    43 |   105 ||   191
Block: Shield            |    52 |    94 |   181 ||   327
